 Dungeon Crawl Stone Soup version 0.28-a0-1404-g4df0f3684d (webtiles) character file.

Game seed: 15032868036081466798

72 HallandMoats the Covered (level 4, -3/28 HPs)
             Began as a Gargoyle Fighter on Jan 5, 2022.
             Slain by Sigmund (10 damage)
             ... on level 2 of the Dungeon.
             The game lasted 00:01:44 (2463 turns).

HallandMoats the Covered (Gargoyle Fighter)         Turns: 2463, Time: 00:01:45

Health: -3/28      AC: 10    Str: 20    XL:     4   Next: 25%
Magic:  4/4        EV:  9    Int:  8    God:
Gold:   76         SH:  4    Dex: 11    Spells: 3/3 levels left

rFire   . . .      SeeInvis .   a - +0 war axe
rCold   . . .      Faith    .   c - +0 buckler
rNeg    + . .      Spirit   .   b - +0 scale mail
rPois   ∞          Reflect  .   (no helmet)
rElec   +          Harm     .   (no cloak)
rCorr   .          Rampage  .   (no gloves)
Will    .....                   (no boots)
Stlth   ..........              (no amulet)
HPRegen 0.09/turn               (no ring)
MPRegen 0.09/turn               (no ring)

@: mighty
A: sickness immunity, AC +3, negative energy resistance 1, electricity
resistance, torment resistance 1, petrification resistance
a: no special abilities


You were on level 2 of the Dungeon.
You visited 1 branch of the dungeon, and saw 2 of its levels.

You collected 76 gold pieces.

Inventory:

Hand Weapons
 a - a +0 war axe (weapon)
Armour
 b - a +0 scale mail (worn)
 c - a +0 buckler (worn)
Scrolls
 e - 2 scrolls of noise {unknown}
 f - 2 scrolls of identify {unknown}
 h - a scroll of enchant armour {unknown}
 i - a scroll of vulnerability {unknown}
 j - 2 scrolls of immolation {unknown}
 k - a scroll of silence {unknown}
Potions
 g - 2 potions of brilliance {unknown}


   Skills:
 + Level 3.6 Fighting
 * Level 2.5 Axes
 + Level 3.6 Armour
 * Level 1.2 Dodging
 + Level 3.6 Shields
 + Level 1.1 Invocations


You had 3 spell levels left.
You didn't know any spells.
Your spell library contained the following spells:

 Spells                   Type           Power      Damage    Failure   Level
 Beastly Appendage        Tmut           0%         N/A       85%         1
 Wereblood                Tmut           0%         N/A       94%         2
 Spider Form              Tmut/Pois      0%         N/A       99%         3


Dungeon Overview and Level Annotations

Branches:
Dungeon (2/15)

Altars:

Shops:
D:1 *   D:2 (

Annotations:
D:2 Sigmund


Innate Abilities, Weirdness & Mutations

You are immune to sickness and miasma.
Your stone body is resilient. (AC +3)
You are immune to poison.
You resist negative energy. (rN+)
You are resistant to electric shocks. (rElec)
You are resistant to unholy torment.
You are immune to petrification.


Message History

No target in view!
k - a scroll labelled JIOQ RIENI No target in view!
There is an open door here.
You open the door.
Found a mace.
No target in view!
Found two maces.
No target in view!
Key pressed, stopping explore.
No target in view!
There is a stone staircase leading up here.
Sigmund the Dreaded comes into view.
He is wielding a +0 scythe.
Found a stone staircase leading up.
Sigmund shouts!
Sigmund moves out of view.
No target in view!
Found 10 gold pieces.
Sigmund is nearby!
Sigmund is nearby!
Sigmund completely misses you.
Sigmund is nearby!
You feel very mighty all of a sudden. Sigmund gestures at you while chanting.
You resist with some effort.
You slash Sigmund!
Sigmund is moderately wounded.
Sigmund gestures at you while chanting.
You are confused.
You bump into the rock wall.
Sigmund hits you with a +0 scythe.
Sigmund mumbles some strange words.
Sigmund flickers and vanishes!
Deactivating autopickup; reactivate with Ctrl-A.
Something hits you but does no damage.
You closely miss something. Something hits you!
You feel less confused. Something hits you!
* * * LOW HITPOINT WARNING * * *
Something hits you!
You die...

......#...#..#.....#
#.##......#..#.....#
#...#.##......######
....#...#.##..#
##......#...#.# #####
##.####.....#.# ....#
..............## ....#
...............##....#
###########.....@$...#
#.....{....#
#........<..#
#.######....# ...
$...# #### #####


There were no monsters in sight!

Vanquished Creatures
  4 gnolls
  A worm (D:2)
  A dart slug (D:2)
  3 bats
  3 endoplasms (D:1)
  3 giant cockroaches (D:1)
  2 hobgoblins (D:1)
  3 ball pythons
  4 frilled lizards
  3 goblins
  2 kobolds (D:1)
  3 rats
32 creatures vanquished.

Notes
Turn   | Place    | Note
-------+----------+-------------------------------------------
     0 | D:1      | HallandMoats the Gargoyle Fighter began the quest for the
                  | Orb.
     0 | D:1      | Reached XP level 1. HP: 14/14 MP: 1/1
   207 | D:1      | Reached XP level 2. HP: 8/19 MP: 2/2
   823 | D:1      | Reached XP level 3. HP: 23/23 MP: 3/3
   832 | D:1      | Found Baxzigur's General Store.
  1504 | D:2      | Found Zasko's Antique Weapon Boutique.
  1509 | D:2      | Reached skill level 1 in Dodging
  1509 | D:2      | Reached skill level 1 in Invocations
  1672 | D:2      | Reached XP level 4. HP: 21/28 MP: 4/4
  2286 | D:2      | Found a faded altar of an unknown god.
  2449 | D:2      | Noticed Sigmund
  2463 | D:2      | Slain by Sigmund

Illustrated notes

Levels and vault maps discovered:
D:1:      mainiacjoe_arrival_reflecting_pool, layout_basic, serial_shops, shop,
          serial_glass, glass_columns_c, glass_columns_c, glass_columns_a,
          glass_columns_a, glass_columns_c, glass_columns_a, glass_columns_b,
          glass_columns_c, lemuel_another_geyser
D:2:      layout_rooms, serial_corexii_hall, corexii_hall_statues_deadend,
          corexii_hall_statues_s, shapermc_ecumenical_altar_mp_vishouse,
          serial_shops, shop, hangedman_decor_points, uniq_sigmund,
          uniq_crazy_yiuf_cottage

Skill      XL: |  1  2  3 |
---------------+----------+-----
Axes           | 2 |  2.5
Dodging        | 1 |  1.2
Invocations    | 1 |  1.1
Fighting       | |  3.6
Armour         | |  3.6
Shields        | |  3.6

Action                   |  1- 3 |  4- 6 || total
-------------------------+-------+-------++-------
Melee: War axe           |    78 |    26 ||   104
  Use: Potion            |       |     1 ||     1
Armor: Scale mail        |    38 |    11 ||    49
Dodge: Dodged            |    32 |    14 ||    46
Block: Buckler           |    12 |     2 ||    14

Table legend: (Time is in decaauts)
 A = Elapsed time spent in this place.
 B = Non-inter-level travel time spent in this place.
 C = Inter-level travel time spent in this place.
 D = Time resting spent in this place.
 E = Time spent auto-exploring this place.
 F = Levels seen in this place.
 G = Mean time per level.
                   A        B        C        D        E       F      G
               +--------+--------+--------+--------+--------+-----+--------+
         Total |   2507 |   2489 |     18 |    572 |   1642 |   2 | 1253.5 |
       Dungeon |   2507 |   2489 |     18 |    572 |   1642 |   2 | 1253.5 |
               +--------+--------+--------+--------+--------+-----+--------+

Top non-repeatable levels by time:
     D:1: 1309 daAuts
     D:2: 1197 daAuts
